 Dungeon Crawl Stone Soup version 0.26.1-11-gd32895ea62 (webtiles) character file.

Game seed: 1214594099227868842

3507 Almogavar the Destroyer (level 9, -3/71 HPs)
             Began as a White Draconian Conjurer on Apr 16, 2021.
             Was a Believer of Sif Muna.
             Killed from afar by a deep elf mage (24 damage)
             ... with a stone arrow
             ... on level 8 of the Dungeon on Apr 17, 2021.
             The game lasted 00:39:55 (10820 turns).

Almogavar the Destroyer (White Draconian Conjurer) Turns: 10820, Time: 00:39:56

Health: -3/71      AC: 10    Str: 13    XL:     9   Next: 81%
Magic:  13/19      EV: 14    Int: 23    God:    Sif Muna [**....]
Gold:   350        SH:  0    Dex:  9    Spells: 21/22 levels left

rFire    . . .     SeeInvis .   e - +5 dagger "Zesup" {freeze, Str+4}
rCold    + + .     Faith    .   (no shield)
rNeg     . . .     Spirit   .   (armour unavailable)
rPois    .         Reflect  .   (helmet restricted)
rElec    .         Harm     .   i - +1 cloak
rCorr    .         Rampage  .   y - +0 pair of gloves
Will     .....                  (no boots)
Stlth    ++........             a - amulet of magic regeneration
HPRegen  0.21/turn              u - ring of protection from cold
MPRegen  0.41/turn              (no ring)

@: short of breath
A: breathe frost, unfitting armour, cold resistance 1, cold-blooded, AC +7
a: Breathe Frost, Renounce Religion, Channel Magic


You were on level 8 of the Dungeon.
You worshipped Sif Muna.
Sif Muna was pleased with you.
You visited 2 branches of the dungeon, and saw 9 of its levels.

You collected 350 gold pieces.

Inventory:

Hand Weapons
 e - the +5 dagger "Zesup" (weapon) {freeze, Str+4}
   (You found it on level 4 of the Dungeon)

   It has been specially enchanted to freeze those struck by it, causing extra
   injury to most foes and up to half again as much damage against particularly
   susceptible opponents.
   It can also slow down cold-blooded creatures.
   It affects your strength (+4).
 g - a +0 whip of freezing
Armour
 d - a +0 buckler
 i - a +1 cloak (worn)
 y - a +0 pair of gloves (worn)
Jewellery
 a - an amulet of magic regeneration (around neck)
 f - an uncursed amulet of guardian spirit
 u - a ring of protection from cold (left hand)
Wands
 k - a wand of paralysis (6)
 s - a wand of flame (17)
 v - a wand of digging (7)
 z - a wand of iceblast (9)
Scrolls
 b - 4 scrolls of teleportation
 n - 5 scrolls of remove curse
 o - 2 scrolls of fog
 t - a scroll of noise {unknown}
Potions
 c - a potion of magic
 h - 2 potions of ambrosia
 j - 6 potions of flight
 l - a potion of might
 m - a potion of heal wounds
 p - 5 potions of haste
 q - 3 potions of curing
 r - 3 potions of brilliance
 w - a potion of cancellation {unknown}
 A - a potion of lignification {unknown}


   Skills:
 + Level 3.8 Fighting
 + Level 5.1 Short Blades
 + Level 5.3 Dodging
 + Level 3.8 Stealth
 + Level 7.3 Spellcasting
 + Level 8.3 Conjurations


You had 21 spell levels left.
You knew the following spells:

 Your Spells              Type           Power        Failure   Level
a - Magic Dart            Conj           100%         1%          1

Your spell library contained the following spells:

 Spells                   Type           Power        Failure   Level
 Searing Ray              Conj           92%          1%          2
 Dazzling Flash           Conj/Hex       54%          4%          3
 Fulminant Prism          Conj/Hex       13%          13%         4
 Iskenderun's Mystic Bla  Conj/Tloc      27%          13%         4


Dungeon Overview and Level Annotations

Branches:
Dungeon (8/15)             Temple (1/1) D:4
   Lair: D:8-11

Altars:
Ashenzari
Cheibriados
Elyvilon
Fedhas
Hepliaklqana
Kikubaaqudgha
Makhleb
Nemelex Xobeh
Okawaru
Qazlal
Ru
Sif Muna
Trog
Uskayaw
Vehumet
Wu Jian
Yredelemnul
The Shining One
Lugonu

Shops:
D:5 =   D:7 :::

Annotations:
D:6 1 transporter, IcyTea's ghost, novice DrAE


Innate Abilities, Weirdness & Mutations

You can breathe waves of freezing cold.
You can buffet flying creatures when you breathe cold.
Your icy white scales are hard. (AC +7)
You cannot fit into any form of body armour.
Your flesh is cold resistant. (rC+)
You are cold-blooded and may be slowed by cold attacks.


Message History

Casting: Magic Dart (safe; 1% risk of failure)
Confirm with . or Enter, or press ? or * to list all spells.
Aiming: Magic Dart (safe; 1% risk of failure)
Press: ? - help, Shift-Dir - straight line, f/p - deep elf mage
Aim: a deep elf mage, wielding a +0 rapier and wearing a +0 ring mail (severely wounded, 0% to evade)
The magic dart hits the deep elf mage.
The deep elf mage is severely wounded.
The earth elemental hits you!!!
Ouch! That really hurt!
* * * LOW HITPOINT WARNING * * *
Casting: Magic Dart (safe; 1% risk of failure)
Confirm with . or Enter, or press ? or * to list all spells.
Aiming: Magic Dart (safe; 1% risk of failure)
Press: ? - help, Shift-Dir - straight line, f/p - deep elf mage
Aim: a deep elf mage, wielding a +0 rapier and wearing a +0 ring mail (severely wounded, 0% to evade)
The magic dart hits the deep elf mage.
The deep elf mage is severely wounded.
The deep elf mage points at you and mumbles some strange words.
The stone arrow hits you!!
You die...

############..(#
##......[.......#
#..###########..#
#......... #..#
#......... #..#
#..8######+++#..#
#........'⌠..#..#
#........E...#..#
#.......@e...#..#
#..8######+++#..#
######........... #..#
####................ #..#
#......###.###########..#
#.##.#.# #..............#
..##.#.# #########.####.#
#....#.# #.# #.# ..####.#
#####.####.#


You could see an earth elemental (summoned) and a deep elf mage.

Vanquished Creatures
  Pikel (D:4)
  Eustachio (D:5)
  Duvessa (D:7)
  A water moccasin (D:8)
  An orc warrior (D:6)
  An ice beast (D:6)
  5 ogres
  A black bear (D:7)
  2 sky beasts
  2 centaurs (D:7)
  A necrophage (D:7)
  2 phantoms
  A lemure (D:5)
  2 bullfrogs (D:7)
  Dowan (D:7)
  A scorpion (D:7)
  3 wights
  5 howler monkeys
  4 orc priests
  3 hounds
  Natasha (thrice) (D:2)
  An iguana (D:4)
  4 orc wizards
  4 worker ants
  2 killer bee zombies
  A hound zombie (D:7)
  A hound skeleton (D:7)
  A worker ant zombie (D:6)
  4 gnolls
  A howler monkey skeleton (D:5)
  8 adders
  A shadow imp (D:6)
  An ufetubus (D:5)
  An adder skeleton (D:4)
  2 adder zombies
  3 worms
  2 dart slugs (D:1)
  9 leopard geckos
  25 orcs
  6 bats
  7 giant cockroaches
  11 goblins
  5 hobgoblins
  6 jackals
  6 quokkas
  3 ball pythons
  6 frilled lizards
  12 kobolds
  2 quokka skeletons
  2 quokka zombies
  7 rats
186 creatures vanquished.

Vanquished Creatures (others)
  A plant (D:8)
1 creature vanquished.

Grand Total: 187 creatures vanquished

Notes
Turn   | Place    | Note
-------+----------+-------------------------------------------
     0 | D:1      | Almogavar the Draconian Conjurer began the quest for the
                  | Orb.
     0 | D:1      | Reached XP level 1. HP: 14/14 MP: 3/3
   306 | D:1      | Reached XP level 2. HP: 20/20 MP: 1/5
  1209 | D:1      | Reached XP level 3. HP: 26/26 MP: 4/6
  2124 | D:2      | Found a glowing golden altar of the Shining One.
  2233 | D:2      | Noticed Natasha
  2247 | D:2      | Killed Natasha
  2248 | D:2      | Reached skill level 1 in Short Blades
  2248 | D:2      | Reached XP level 4. HP: 33/33 MP: 1/8
  2300 | D:2      | Noticed Natasha
  2307 | D:2      | Killed Natasha
  2308 | D:2      | Reached skill level 5 in Conjurations
  2522 | D:2      | Noticed Natasha
  2525 | D:2      | Killed Natasha
  2526 | D:2      | Reached XP level 5. HP: 39/39 MP: 5/9
  3007 | D:3      | Found a broken altar of Ashenzari.
  3570 | D:3      | Noticed an ogre
  3577 | D:3      | Killed an ogre
  3757 | D:3      | Reached XP level 6. HP: 46/46 MP: 8/11
  4005 | D:3      | Found a radiant altar of Vehumet.
  4744 | D:4      | Found a staircase to the Ecumenical Temple.
  4753 | Temple   | Entered the Ecumenical Temple
  4768 | Temple   | Became a worshipper of Sif Muna the Loreminder
  4990 | D:4      | Reached skill level 1 in Fighting
  5075 | D:4      | Found a hide-covered altar of Uskayaw.
  5088 | D:4      | Got a pitted dagger
  5090 | D:4      | Identified the +5 dagger "Zesup" {freeze, Str+4} (You found
                  | it on level 4 of the Dungeon)
  5180 | D:4      | Your scales start taking on an icy white colour.
  5180 | D:4      | Reached XP level 7. HP: 52/52 MP: 9/13
  5180 | D:4      | Gained mutation: Your flesh is cold resistant. (rC+) [White
                  | Draconian growth]
  5301 | D:4      | Reached skill level 6 in Conjurations
  5889 | D:5      | Entered Level 5 of the Dungeon
  5953 | D:5      | Reached * piety under Sif Muna
  6227 | D:5      | Found Tiboom's Jewellery Shop.
  6239 | D:5      | Reached skill level 5 in Spellcasting
  6522 | D:5      | Reached XP level 8. HP: 37/59 MP: 6/16
  6719 | D:5      | Found a sparkling altar of Nemelex Xobeh.
  6757 | D:5      | Found a blossoming altar of Fedhas.
  6867 | D:5      | Noticed Eustachio
  6892 | D:5      | Killed Eustachio
  6893 | D:5      | Reached skill level 7 in Conjurations
  7352 | D:5      | Noticed Pikel
  7382 | D:4      | Killed Pikel
  7524 | D:5      | Found an iron altar of Okawaru.
  7881 | D:6      | Reached XP level 9. HP: 54/68 MP: 7/18
  7967 | D:6      | Found a stormy altar of Qazlal.
  8042 | D:6      | Found a transporter.
  8093 | D:6      | Noticed IcyTea's ghost (novice DrAE)
  8101 | D:6      | Found a transporter.
  8524 | D:6      | Reached ** piety under Sif Muna
  8764 | D:7      | Found a snail-covered altar of Cheibriados.
  8795 | D:7      | Found a white marble altar of Elyvilon.
  8851 | D:7      | Found a burning altar of Makhleb.
  9043 | D:7      | Reached skill level 8 in Conjurations
  9392 | D:7      | Found Asiusost's Book Boutique.
  9419 | D:7      | Noticed Duvessa
  9419 | D:7      | Noticed Dowan
  9547 | D:7      | Killed Dowan
  9877 | D:7      | Killed Duvessa
  9924 | D:7      | Found Muonn's Book Shoppe.
  9950 | D:7      | Reached skill level 5 in Dodging
 10136 | D:7      | Found Kino's Book Emporium.
 10216 | D:7      | Found an ancient bone altar of Kikubaaqudgha.
 10381 | D:7      | Reached skill level 5 in Short Blades
 10810 | D:8      | Noticed a deep elf mage
 10820 | D:8      | Killed from afar by a deep elf mage

Illustrated notes

Levels and vault maps discovered:
D:1:      arrival_zaba_pyramid, layout_basic, minmay_misc_feat_more_columns
D:2:      layout_loops_ring, nicolae_overflow_crystal_walls, chequers_garden,
          uniq_natasha
D:3:      layout_basic, old_standard_altar, ashenzari_conservatory_becter,
          cheibrodos_sewer_entry_bend, minmay_vboxes
D:4:      layout_gridville, eat_drink_and_be_merry_uskayaw,
          minmay_temple_entry_stoned_glass
D:5:      layout_gridville, kennysheep_mini, fedhas_altar_2,
          nemelex_xobeh_ov_fountains_minmay, serial_shops, shop_coins,
          uniq_eustachio, uniq_pikel
D:6:      layout_basic, nicolae_qazlal_style_of_elements,
          gammafunk_ghost_stat_death
D:7:      layout_loops_ring, cheibriados_altar_1, lemuel_doored_altar,
          basic_altar, serial_shops, nicolae_shop_statue_plus, shop, shop,
          hangedman_abyss_or_decor_slice, grunt_decor_cap,
          makhleb_blood_cavern_becter, uniq_duvessa
D:8:      layout_loops_cross, guppyfry_early_elven_hall
Temple:   corrupted_temple

Skill      XL: |  1  2  3  4  5  6  7  8  9 |
---------------+----------------------------+-----
Dodging        | 2 3 5 |  5.3
Short Blades   | 1 2 4 5 |  5.1
Stealth        | 2 3 |  3.8
Conjurations   | 5 6 7 8 |  8.3
Spellcasting   | 3 4 5 6 7 |  7.3
Fighting       | 1 2 3 |  3.8

Action                   |  1- 3 |  4- 6 |  7- 9 || total
-------------------------+-------+-------+-------++-------
Melee: Dagger            |    65 |    43 |   198 ||   306
       Tailslap          |     3 |     3 |    18 ||    24
       Short sword       |       |     1 |       ||     1
 Cast: Magic Dart        |    74 |   119 |   326 ||   519
 Abil: Breathe Frost     |       |       |    17 ||    17
  Use: Scroll            |       |    10 |     6 ||    16
       Potion            |       |       |     1 ||     1
Armor: Skin              |    24 |    15 |   116 ||   155
Dodge: Dodged            |    41 |    43 |   223 ||   307
